cohdb
Replays
Latest Replays
All Replays
Popular Replays
Top Player Replays
Match Explorer
How It Works
Community
CoH3 Stats
Reddit
Sign in to upload your games and track your stats! →
Sign in with Steam
Match 42760267
Unlisted
Match 42760267
Overview
Messages
Build Orders
End
Engineer Squad
Construct Weapon Support Center
M1919 Machine Gun Team
Bazooka Squad
Bazooka Squad
Air Support Center
M3 Armored Personnel Carrier
Grasshopper Recon Run
Bazooka Squad
Selects Advanced Infantry Battlegroup
Selects Convert to Ranger Squad
M3 Armored Personnel Carrier
M3 Armored Personnel Carrier
Selects Frontline Medical Station
Grasshopper Recon Run
Mortar Pit
Construct Motor Pool
Mortar Pit
M24 Chaffee Light Tank
Selects Ammunition Storage
P-47 Dive Bomb
Selects Infantry Assault
Infantry Assault
Grasshopper Recon Run
P-47 Strafing Run
Construct Tank Depot
Engineer Squad
Engineer Squad
Selects M2A1 105mm Howitzer Emplacement
Grasshopper Recon Run
Infantry Assault
Bazooka Squad
P-47 Strafing Run
Infantry Assault
Grasshopper Recon Run
M4A1 Sherman Medium Tank
Grasshopper Recon Run
P-47 Dive Bomb
Frontline Medical Station
Infantry Assault
P-47 Dive Bomb
M4A1 Sherman Medium Tank
犀利哥0577
Reiss.^
CasaDeFrance
Wesker007
zqzw
gUi
Anchored
rudgus2564
0
0
Comments
sign in to comment!
No comments posted yet!